 Dungeon Crawl Stone Soup version 0.32-a0-290-g598725c5f2 (webtiles) character file.

Game seed: 9099439845109697968

11 Daunt the Trooper (level 2, -1/26 HPs)
             Began as a Mountain Dwarf Fighter on Feb 13, 2024.
             Slain by a gnoll
             ... wielding a +0 spear
              (5 damage)
             ... on level 1 of the Dungeon.
             The game lasted 00:00:40 (173 turns).

Daunt the Trooper (Mountain Dwarf Fighter)           Turns: 173, Time: 00:00:41

Health: -1/26      AC:  6    Str: 18    XL:     2   Next: 17%
Magic:  2/2        EV:  9    Int:  8    God:
Gold:   55         SH:  4    Dex:  9    Spells: 1/1 levels left

rFire   . . .        a - +0 flail
rCold   . . .        c - +0 buckler
rNeg    . . .        b - +0 scale mail
rPois   .            (no helmet)
rElec   .            (no cloak)
rCorr   .            (no gloves)
SInv    .            (no boots)
Will    .....        (no amulet) Stlth
                     i - ring of flight
HPRegen 0.24/turn    (no ring)
MPRegen 0.08/turn

%: no passive effects
@: flying
A: runic magic, artefact enchanting
a: no special abilities


You were on level 1 of the Dungeon.
You visited 1 branch of the dungeon, and saw 1 of its levels.

You collected 55 gold pieces.

Inventory:

Hand Weapons
 a - a +0 flail (weapon)
Missiles
 f - 7 stones (quivered)
Armour
 b - a +0 scale mail (worn)
 c - a +0 buckler (worn)
Jewellery
 g - a ring of fire
 i - a ring of flight (left hand)
Scrolls
 e - a scroll of identify {unknown}
 h - a scroll of blinking {unknown}
Potions
 d - a potion of might


   Skills:
 + Level 3.5 Fighting
 * Level 3.2 Maces & Flails
 - Level 3.2 Armour
 - Level 3.2 Shields


You had one spell level left.
You didn't know any spells.
Your spell library contained the following spells:

 Spells                   Type           Power      Damage    Failure   Level
 Ensorcelled Hibernation  Hex/Ice        0%         N/A       73%         2
 Fugue of the Fallen      Necr           0%         N/A       91%         3
 Anguish                  Hex/Necr       0%         N/A       100%        4


Dungeon Overview and Level Annotations

Branches:
Dungeon (1/15)

Altars:


Innate Abilities, Weirdness & Mutations

Your spellcasting is much less encumbered by armour.
You can use scrolls of enchantment on lesser artefacts.


Message History

Found a stone staircase leading down.
f - 7 stones
Found a notched brass ring.
Found 11 gold pieces.
g - a ring of fire
h - a scroll labelled WUIC WAKKAQIA You now have 33 gold pieces (gained 11).
You now have 44 gold pieces (gained 11).
i - a ring of flight You fly up into the air.
i - a ring of flight (left hand)
You now have 55 gold pieces (gained 11).
Found a hand axe.
A kobold comes into view. It is wielding a +0 short sword.
The kobold shouts!
You hear a shout!
You block the kobold's attack.
You see here a +0 hand axe.
You barely miss the kobold. The kobold barely misses you.
You hit the kobold.
You kill the kobold!
A gnoll comes into view. It is wielding a +0 spear.
Things that are here:
a +0 short sword; a kobold corpse The gnoll hits you from afar with a +0 spear!
Found a short sword.
The gnoll barely misses you.
You closely miss the gnoll. The gnoll barely misses you.
The gnoll hits you with a +0 spear.
You thump the gnoll!
The gnoll is heavily wounded.
The gnoll hits you with a +0 spear.
You are too injured to fight recklessly!
You hit the gnoll.
The gnoll is severely wounded.
The gnoll hits you but does no damage.
You closely miss the gnoll.
The gnoll is severely wounded.
The gnoll hits you with a +0 spear.
* * * LOW HITPOINT WARNING * * *
The gnoll hits you with a +0 spear.
You die...

##..# #..#.. )
.#...#. .#. ###
...#...# #.. ..##
.#...#.. # ..#....#
...#...#...#...#..#
.#...#...#...#....#
...#...#...#...#g.#
.#...#...#...#..@.#
...#...#...#...#..#
.#...#...#...#..).#
...#...#...#...#).#
.#...#...#...#....#
...#.).#...#...#..#
.#...#...#...#....#
...#...#...#...#..#
.#...#...#...#....#


You could see a gnoll.

Vanquished Creatures
  A goblin (D:1)
  A hobgoblin (D:1)
  A bat (D:1)
  A frilled lizard (D:1)
  2 kobolds (D:1)
  A rat (D:1)
7 creatures vanquished.

Notes
Turn   | Place    | Note
-------+----------+-------------------------------------------
     0 | D:1      | Daunt the Mountain Dwarf Fighter began the quest for the
                  | Orb.
     0 | D:1      | Reached XP level 1. HP: 19/19 MP: 1/1
    50 | D:1      | Reached XP level 2. HP: 20/26 MP: 2/2
   173 | D:1      | Slain by a gnoll

Illustrated notes

Levels and vault maps discovered:
D:1:      wander_arrival_peaceful_grave, layout_loops_ring, hex_large

Skill      XL: |  1 |
---------------+----+-----
Maces & Flails | 3 |  3.2
Fighting       | |  3.5
Armour         | |  3.2
Shields        | |  3.2

Action                     || total
---------------------------++-------
  Melee: Flail             ||    15
 Armour: Scale mail        ||    16
  Dodge: Dodged            ||     3
  Block: Buckler           ||     1

Table legend: (Time is in decaauts)
 A = Elapsed time spent in this place.
 B = Non-inter-level travel time spent in this place.
 C = Inter-level travel time spent in this place.
 D = Time resting spent in this place.
 E = Time spent auto-exploring this place.
 F = Levels seen in this place.
 G = Mean time per level.
                   A        B        C        D        E       F      G
               +--------+--------+--------+--------+--------+-----+--------+
         Total |    176 |    176 |      0 |      0 |    123 |   1 |  176.0 |
       Dungeon |    176 |    176 |      0 |      0 |    123 |   1 |  176.0 |
               +--------+--------+--------+--------+--------+-----+--------+

Top non-repeatable levels by time:
     D:1: 176 daAuts
